 Dungeon Crawl Stone Soup version 0.27-a0-1116-g91b3acb402 (webtiles) character file.

Game seed: 6244819250286454978

1073 Goblin1989 the Chopper (level 8, 0/73 HPs)
             Began as a Deep Dwarf Fighter on May 2, 2021.
             Slain by a killer bee (2 damage)
             ... on level 6 of the Dungeon.
             The game lasted 00:06:39 (2482 turns).

Goblin1989 the Chopper (Deep Dwarf Fighter)         Turns: 2482, Time: 00:06:40

Health: 0/73       AC: 13    Str: 23    XL:     8   Next: 7%
Magic:  0/0        EV:  5    Int:  8    God:
Gold:   149        SH: 10    Dex: 12    Spells: 7/7 levels left

rFire    . . .     SeeInvis .   a - +0 war axe
rCold    . . .     Faith    .   c - +0 kite shield
rNeg     . . .     Spirit   .   R - +0 plate armour
rPois    .         Reflect  .   W - +0 helmet
rElec    .         Harm     .   (no cloak)
rCorr    .         Rampage  .   (no gloves)
Will     +....                  (no boots)
Stlth    ..........             (no amulet)
HPRegen  0.00/turn              (no ring)
MPRegen  0.07/turn              (no ring)

@: lethally poisoned (0 -> 0)
A: damage resistance, heal wounds, sense surroundings 1, no regeneration
a: Heal Wounds


You were on level 6 of the Dungeon.
You visited 1 branch of the dungeon, and saw 6 of its levels.

You collected 149 gold pieces.

Inventory:

Hand Weapons
 a - a +0 war axe (weapon)
 I - a +2 whip of flaming
Missiles
 Z - 2 throwing nets {!d , @Q1}
Armour
 c - a +0 kite shield (worn)
 L - a +1 scale mail of willpower
 R - a +0 plate armour (worn)
 W - a +0 helmet (worn)
Jewellery
 J - a ring of wizardry
 O - a ring of fire
Wands
 M - a wand of paralysis (2) {@v7}
 U - a wand of iceblast (9) {@v4}
Scrolls
 e - 4 scrolls of identify {unknown}
 f - 2 scrolls of acquirement {unknown}
 g - a scroll of amnesia {unknown}
 i - a scroll of holy word {unknown}
 H - a scroll of blinking {unknown}
 K - a scroll of torment {unknown}
 N - a scroll of fear {unknown}
 Q - 2 scrolls of teleportation {unknown}
 S - a scroll of enchant armour {unknown}
 V - a scroll of noise {unknown}
 X - a scroll of enchant weapon {unknown}
Potions
 d - a potion of might {@q4}
 h - 2 potions of degeneration {unknown}
 j - a potion of attraction {unknown}
 P - 2 potions of lignification {unknown}
 T - a potion of berserk rage {unknown}
 Y - a potion of cancellation {unknown}


   Skills:
 + Level 4.7 Fighting
 * Level 6.9 Axes
 + Level 5.6 Armour
 + Level 5.5 Shields


You had 7 spell levels left.
You didn't know any spells.
Your spell library was empty.

Dungeon Overview and Level Annotations

Branches:
Dungeon (6/15)
 Temple: D:4-7

Altars:
Okawaru

Shops:
D:1 *


Innate Abilities, Weirdness & Mutations

You are resistant to damage.
You can heal yourself by infusing magical energy.
You passively map a small area around you.
You do not regenerate.


Message History

A killer bee comes into view.
The killer bee stings you.
* * * LOW HITPOINT WARNING * * *
You are poisoned.
The killer bee poisons you! The kobold hits you but does no damage.
You block the kobold's attack.
You take 2 damage, and have 26/73 hp.
You slash the kobold!
You kill the kobold!
You closely miss the kobold. You hit the kobold brigand.
You hit the killer bee.
The killer bee stings you but does no damage.
You block the killer bee's attack. x2; The kobold falls through a shaft!
The shaft crumbles and collapses.
The killer bee stings you but does no damage.
The killer bee completely misses you. You block the kobold's attack.
The kobold brigand hits you with a +0 dagger.
* * * LOW HITPOINT WARNING * * *
You take 2 damage, and have 24/73 hp.
You barely miss the killer bee. You miss the killer bee.
You hit the kobold brigand. You hit the kobold. You closely miss the kobold.
You completely miss the phantom. You miss the killer bee.
The killer bee stings you. You block the killer bee's attack.
The killer bee stings you.
* * * LOW HITPOINT WARNING * * *
The killer bee barely misses you. x2; You block the kobold's attack.
The killer bee stings you but does no damage.
The phantom hits you but does no damage.
The kobold hits you with a +0 club. You block the kobold brigand's attack.
You block the killer bee's attack.
The killer bee stings you but does no damage.
The kobold hits you with a +0 whip.
The killer bee stings you but does no damage.
The phantom hits you.
* * * LOW HITPOINT WARNING * * *
The phantom blinks!
You blink.
You take 5 damage, and have 19/73 hp.
Your plate armour prevents you from hitting the phantom.
The phantom barely misses you.
You closely miss the phantom. You block the phantom's attack.
The kobold brigand throws a poisoned dart.
You block the poisoned dart.
The iguana bites you but does no damage.
You slash the phantom!
The phantom is moderately damaged.
You slash the iguana! You block the phantom's attack.
The iguana bites you but does no damage.
The phantom hits you but does no damage.
The kobold hits you but does no damage.
You completely miss the iguana.
The iguana is heavily wounded.
You miss the killer bee.
Your shield and plate armour prevent you from hitting the kobold.
You miss the killer bee. x2; You hit the phantom but do no damage.
You are no longer poisoned.
The killer bee stings you but does no damage. x3
You block the killer bee's attack. The killer bee stings you!
* * * LOW HITPOINT WARNING * * *
You are poisoned.
The killer bee poisons you!
The killer bee stings you but does no damage.
The iguana bites you.
* * * LOW HITPOINT WARNING * * *
The killer bee stings you but does no damage.
The phantom barely misses you. The kobold completely misses you.
The killer bee stings you but does no damage.
You take 11 damage, and have 8/73 hp.
You slash the iguana!
You kill the iguana!
You miss the killer bee. You slash the kobold!
You kill the kobold!
You closely miss the killer bee. You barely miss the killer bee.
You hit the phantom. The killer bee stings you.
You are more poisoned.
The killer bee poisons you! You block the killer bee's attack.
The killer bee stings you but does no damage. x2
You block the killer bee's attack. x3; The killer bee stings you.
The phantom hits you but does no damage.
The killer bee stings you.
You are more poisoned.
The killer bee poisons you!
The killer bee stings you but does no damage.
You hit the killer bee.
The killer bee is lightly wounded.
Your shield and plate armour prevent you from hitting the killer bee.
You hit the kobold.
You kill the kobold!
You slash the killer bee! You barely miss the killer bee.
You barely miss the phantom. You block the killer bee's attack.
The killer bee barely misses you. The killer bee stings you.
* * * LOW HITPOINT WARNING * * *
The killer bee stings you but does no damage. x3
The phantom hits you but does no damage.
You block the killer bee's attack. The killer bee stings you!
* * * LOW HITPOINT WARNING * * *
You are more poisoned.
The killer bee poisons you!
The bullfrog skeleton hits you but does no damage.
You block the killer bee's attack. The killer bee stings you.
You die...

█...........█ ▓
█..?....[...██
█........... ·
▓ █..)......██
·
█.......<..██·
██.....Z.█.. ·
█.....K...█ · ▓
█<....yyK.██ ·
· █....KW@y..█
· ▓
█.....Zy...█ ▓
· ·
█....>........█
▓
██.......████..
██.....██ ▓ █ ·


███████ ▓ · · · · ▓ · · · You could see a phantom, a kobold brigand, 4 killer
bees, 2 kobolds and 2 bullfrog skeletons.

Vanquished Creatures
  Pikel (D:4)
  A necrophage (D:4)
  A phantom (D:4)
  A kobold brigand (D:5)
  A bullfrog zombie (D:5)
  A jelly (D:5)
  An orc priest (D:4)
  Jessica (D:2)
  An iguana (D:6)
  Ijyb (D:4)
  An orc wizard (D:4)
  Robin (D:2)
  7 gnolls (D:2)
  2 adders
  A worm (D:2)
  A dart slug (D:4)
  7 orcs
  4 endoplasms
  2 giant cockroaches (D:1)
  9 goblins
  13 hobgoblins
  9 jackals
  14 kobolds
  3 quokkas
  4 ball pythons
  4 bats
  5 frilled lizards
  A rat (D:1)
98 creatures vanquished.

Vanquished Creatures (others)
  6 fungi (D:5)
  2 plants (D:3)
  4 toadstools (D:5)
12 creatures vanquished.

Grand Total: 110 creatures vanquished

Notes
Turn   | Place    | Note
-------+----------+-------------------------------------------
     0 | D:1      | Goblin1989 the Deep Dwarf Fighter began the quest for the
                  | Orb.
     0 | D:1      | Reached XP level 1. HP: 20/20 MP: 1/1
   120 | D:1      | Reached XP level 2. HP: 16/27 MP: 2/2
   150 | D:1      | Found Soim's Assorted Antiques.
   418 | D:2      | Reached skill level 3 in Axes
   435 | D:2      | Reached XP level 3. HP: 29/34 MP: 3/3
   507 | D:2      | Reached XP level 4. HP: 31/42 MP: 4/4
   711 | D:2      | Noticed Jessica
   719 | D:2      | Killed Jessica
   720 | D:2      | Reached skill level 4 in Axes
   720 | D:2      | Reached XP level 5. HP: 33/49 MP: 4/4
   780 | D:2      | Noticed Robin
   792 | D:2      | Killed Robin
   935 | D:3      | Found a faded altar of an unknown god.
  1587 | D:4      | Noticed a phantom
  1598 | D:4      | Killed a phantom
  1599 | D:4      | Reached XP level 6. HP: 36/57 MP: 4/4
  1718 | D:4      | Noticed Ijyb
  1732 | D:4      | Paralysed by Ijyb for 3 turns
  1743 | D:4      | Killed Ijyb
  1849 | D:4      | Found an iron altar of Okawaru.
  1946 | D:4      | Reached skill level 5 in Axes
  2140 | D:4      | Noticed Pikel
  2162 | D:4      | Killed Pikel
  2163 | D:4      | Reached skill level 6 in Axes
  2163 | D:4      | Reached skill level 5 in Armour
  2163 | D:4      | Reached skill level 5 in Shields
  2163 | D:4      | Reached XP level 7. HP: 48/66 MP: 5/5
  2300 | D:5      | Entered Level 5 of the Dungeon
  2387 | D:5      | Reached XP level 8. HP: 50/73 MP: 6/6
  2411 | D:5      | Noticed a slime creature
  2411 | D:5      | Noticed a slime creature
  2444 | D:5      | HP: 1/73 [large slime creature (35)]
  2482 | D:6      | HP: 2/73 [killer bee (4)]
  2482 | D:6      | Slain by a killer bee

Illustrated notes

Levels and vault maps discovered:
D:1:      dpeg_arrival_stone_temple_mockup, layout_rooms, serial_shops, shop,
          minmay_tiny_reverse_x
D:2:      layout_basic, uniq_robin, uniq_jessica
D:3:      layout_loops_ring, shapermc_ecumenical_altar_mp_ritualfount
D:4:      layout_basic, nicolae_overflow_hidden_temple, eino_tiny_chamber,
          st_stairs_6, uniq_ijyb, uniq_pikel
D:5:      cheibrodos_fertilizer, layout_loops_cross, uniq_edmund
D:6:      layout_rooms, minmay_increasing_density

Skill      XL: |  1  2  3  4  5  6 |
---------------+-------------------+-----
Axes           | 3 4 6 |  6.9
Fighting       | 3 4 |  4.7
Armour         | 4 5 |  5.6
Shields        | 4 5 |  5.5

Action                   |  1- 3 |  4- 6 |  7- 9 || total
-------------------------+-------+-------+-------++-------
Melee: War axe           |    67 |   186 |    47 ||   300
 Abil: Heal Wounds       |     1 |     6 |    13 ||    20
Armor: Scale mail        |    39 |       |       ||    39
       Chain mail        |     6 |    54 |       ||    60
       Plate armour      |       |    56 |    47 ||   103
Dodge: Dodged            |    29 |    23 |    15 ||    67
Block: Kite shield       |    47 |   105 |    44 ||   196

Table legend: (Time is in decaauts)
 A = Elapsed time spent in this place.
 B = Non-inter-level travel time spent in this place.
 C = Inter-level travel time spent in this place.
 D = Time resting spent in this place.
 E = Time spent auto-exploring this place.
 F = Levels seen in this place.
 G = Mean time per level.
                   A        B        C        D        E       F      G
               +--------+--------+--------+--------+--------+-----+--------+
         Total |   2630 |   2521 |    109 |      3 |   1759 |   6 |  438.3 |
       Dungeon |   2630 |   2521 |    109 |      3 |   1759 |   6 |  438.3 |
               +--------+--------+--------+--------+--------+-----+--------+

Top non-repeatable levels by time:
     D:4: 757 daAuts
     D:3: 690 daAuts
     D:2: 610 daAuts
     D:1: 374 daAuts
     D:5: 183 daAuts
     D:6: 14 daAuts
